AoeStats
← Kikin3277

Arabian Desert

510418389Analyzed
1v1 RM · 2d ago on Sep 30, 2026· 31m 32s· 2 players
Game mode
Random Map
Map size
Tiny (2 player)
Population
200
Speed
Normal
Resources
Standard
Victory
Conquest
Starting age
Dark Age
Ending age
Imperial Age
RankedLock teamsTeams togetherTeam positionsShared explorationLock speedFull tech treeHidden civsTurbo modeCheats
Victory
Defeat
🇦🇷 Japanese · Argentina
1014
+16
🇺🇸 Hindustanis · United States
1016
-16
Kikin3277
12:23 Feudal Age
10:39 Loom
12:39 Man-at-Arms
22:31 Castle Age
27:28 Long Swordsman
28:25 Forging
HengeHog
3:27 Loom
7:25 Loom
9:39 Feudal Age
14:41 Castle Age
15:48 Horse Collar
Connection lost

Rejoining the realm…

Still unreachable

The connection could not be restored.

Session expired

The server has moved on; the page needs a fresh start.